WCHLSIM.com - West Coast Hockey League
html PUBLIC "-//W3C//DTD XHTML 1.0 Transitional//EN" "http://www.w3.org/TR/xhtml1/DTD/xhtml1-transitional.dtd"> WCHL - Game 284 - SPOKANE KNIGHTS vs ANCHORAGE ACES

SPOKANE KNIGHTS vs ANCHORAGE ACES

Created - 24 novembre 2023 at 00:15

Goals
1 2 3 T
SPOKANE KNIGHTS 0 0 0 0
ANCHORAGE ACES 0 0 2 2
Shots
1 2 3 T
SPOKANE KNIGHTS 4 1 2 7
ANCHORAGE ACES 13 13 14 40

1st period

No Goal

Penalties :
Nathan Clurman (SPO) for Tripping (Minor) at 1:16

2nd period

No Goal

Penalties :
Phillip Danault (ANC) for Interference (Minor) at 1:53, Jack Johnson (ANC) for Roughing (Minor) at 5:10, Evan Bouchard (SPO) for Unsportsmanlike conduct (Minor) at 10:12

3rd period

1. ANCHORAGE ACES , Nathan MacKinnon 16 (Connor McDavid 18, Nikolaj Ehlers 7) at 11:47 (PP)
2. ANCHORAGE ACES , Nathan MacKinnon 17 (Connor McDavid 19) at 18:15

Penalties :
Nathan Clurman (SPO) for Roughing (Minor) at 10:22

Goalie Stats

Frederik Andersen (SPO), 38 saves from 40 shots - (0,950), L, 8-5-2, 60:00 minutes
Darcy Kuemper (ANC), 7 saves from 7 shots - (1,000), W, 13-5-2, 60:00 minutes

Players Stats for SPOKANE KNIGHTS

Player Name              G  A  P  +/- PIM S  H  SB GA TA FO     MP     PP MP  PK MP  
------------------------------------------------------------------------------------
Anthony Cirelli          0  0  0  -1  0   0  0  2  0  0  9/22   19:59   0:00   2:25 
Brady Tkachuk            0  0  0   0  0   0  2  0  0  0  0/0    19:18   2:07   0:00 
Chad Ruhwedel            0  0  0   0  0   0  4  1  0  0  0/0    18:57   1:26   2:18 
Corey Perry              0  0  0   0  0   0  2  0  0  0  0/0    11:31   1:51   0:00 
Derek Grant              0  0  0  -1  0   1  0  1  0  0  0/2    18:59   0:00   2:17 
Evan Bouchard            0  0  0  -1  2   1  2  1  0  0  0/0    21:56   2:32   2:03 
Jonathon Merrill         0  0  0  -1  0   0  1  1  0  0  0/0    21:37   2:02   2:03 
Lias Andersson           0  0  0   0  0   0  1  0  0  0  0/0     7:06   0:00   0:00 
Nathan Beaulieu          0  0  0   0  0   0  0  0  0  0  0/0    18:57   1:26   2:18 
Nathan Clurman           0  0  0   0  4   0  4  0  0  0  0/0    18:51   0:30   1:02 
Nicklas Backstrom        0  0  0   0  0   1  0  0  0  0  10/11  12:04   1:51   0:00 
Patrice Bergeron         0  0  0   0  0   2  0  1  0  0  13/20  19:35   2:07   0:00 
Quinton Byfield          0  0  0   0  0   1  0  0  0  0  2/8     7:47   0:00   0:41 
Rasmus Kupari            0  0  0   0  0   0  0  2  0  0  0/0    10:04   0:00   2:58 
Shane Pinto              0  0  0   0  0   0  0  0  0  0  0/2    12:45   2:07   0:00 
Tucker Poolman           0  0  0   0  0   0  1  2  0  0  0/0    16:59   0:00   1:02 
Tyler Motte              0  0  0  -1  0   0  0  3  0  0  1/2    19:07   0:00   2:25 
Zach Parise              0  0  0   0  0   1  0  0  0  0  0/2    19:02   1:51   0:00 

Players Stats for ANCHORAGE ACES

Player Name              G  A  P  +/- PIM S  H  SB GA TA FO     MP     PP MP  PK MP  
------------------------------------------------------------------------------------
Chris Kreider            0  0  0   0  0   7  5  0  0  0  1/2    16:51   2:36   0:00 
Connor McDavid           0  2  2   1  0   5  3  0  0  0  16/30  22:32   2:47   0:00 
Conor Sheary             0  0  0   0  0   0  0  0  0  0  0/0    19:02   0:00   1:57 
Erik Haula               0  0  0   0  0   8  2  0  0  0  2/13   20:45   2:36   1:41 
Filip Hronek             0  0  0   0  0   0  1  0  0  0  0/0    22:11   3:09   2:01 
Jack Johnson             0  0  0   1  2   2  0  2  0  0  0/0    13:16   0:00   0:00 
Jakob Chychrun           0  0  0   0  0   2  0  2  0  0  0/0    20:25   3:09   2:01 
Jani Hakanpaa            0  0  0   1  0   0  1  1  0  0  0/0    15:14   0:00   1:57 
Nathan MacKinnon         2  0  2   1  0   9  1  0  0  0  2/2    20:35   2:47   1:08 
Nicolas Deslauriers      0  0  0   0  0   0  0  0  0  0  0/0     0:00   0:00   0:00 
Nikolaj Ehlers           0  1  1   0  0   1  2  0  0  0  0/0    19:00   2:47   0:00 
Phillip Danault          0  0  0   0  2   4  1  1  0  0  12/18  20:49   2:36   1:09 
Robert Bortuzzo          0  0  0   0  0   0  0  0  0  0  0/0     5:06   0:00   0:00 
Ryan Lomberg             0  0  0   0  0   0  1  0  0  0  0/0     2:42   0:00   0:00 
Ryan Pulock              0  0  0   0  0   0  0  0  0  0  0/0    19:15   2:14   0:00 
Seth Jones               0  0  0   0  0   1  1  1  0  0  0/0    24:32   2:14   1:57 
Sheldon Dries            0  0  0   0  0   0  2  0  0  0  0/2    14:12   0:00   0:00 
Yegor Sharangovich       0  0  0   1  0   1  1  0  0  0  1/2    19:33   0:00   2:01 

3 Stars

1 - Nathan MacKinnon (ANC)
2 - Frederik Andersen (SPO)
3 - Connor McDavid (ANC)

Power Play

SPOKANE KNIGHTS - 0 on 2 Attempt(s) - 0,00%
ANCHORAGE ACES - 1 on 3 Attempt(s) - 33,33%

Penalty Kill

SPOKANE KNIGHTS - 2 on 3 Attempt(s) - 66,67% - Score 0 goal in Penalty Kill
ANCHORAGE ACES - 2 on 2 Attempt(s) - 100,00% - Score 0 goal in Penalty Kill

Team Stat

SPOKANE KNIGHTS - Hits : 17 - Faceoff Wins : 35 - Blocked Shots : 14 - Penalty Minutes : 6
ANCHORAGE ACES - Hits : 21 - Faceoff Wins : 34 - Blocked Shots : 7 - Penalty Minutes : 4

Official

Referees : Garrett Rank and Marc Joannette
Linesman : Robb Harrell and Luke Galvin

Game Notes

No Game Note

Finance

Level 1 -- Attendance: 4934 (82,23%) -- Ticket Income 986 800 $
Level 2 -- Attendance: 4712 (94,24%) -- Ticket Income 589 000 $
Level 3 -- Attendance: 2000 (100,00%) -- Ticket Income 208 000 $
Level 4 -- Attendance: 4000 (100,00%) -- Ticket Income 280 000 $
Luxury Box -- Attendance: 867 (86,70%) -- Ticket Income 281 775 $
Game was played at the Alaska Center.
Total Attendance: 16513 (91,74%)
Total Ticket Income: 2 345 575 $
Other Expense: 23 456 $
Total Income: 2 322 119 $

SPOKANE KNIGHTS

5 vs 5 Forward 
   Center                   Left Wing                Right Wing               Time % Phy DF OF 
 1 Patrice Bergeron         Brady Tkachuk            Zach Parise              35     0   1  4  
 2 Anthony Cirelli          Derek Grant              Tyler Motte              35     1   2  2  
 3 Nicklas Backstrom        Shane Pinto              Corey Perry              20     1   2  2  
 4 Quinton Byfield          Lias Andersson           Rasmus Kupari            10     1   3  1  

5 vs 5 Defense 
   Defense                  Defense                                           Time % Phy DF OF 
 1 Evan Bouchard            Jonathon Merrill                                  30     1   2  2  
 2 Nathan Beaulieu          Chad Ruhwedel                                     30     1   2  2  
 3 Nathan Clurman           Tucker Poolman                                    20     1   3  1  
 4 Evan Bouchard            Jonathon Merrill                                  20     1   3  1  

PowerPlay Forward 
   Center                   Left Wing                Right Wing               Time % Phy DF OF 
 1 Patrice Bergeron         Brady Tkachuk            Shane Pinto              60     1   1  3  
 2 Nicklas Backstrom        Zach Parise              Corey Perry              40     1   1  3  

PowerPlay Defense
   Defense                  Defense                                           Time % Phy DF OF 
 1 Evan Bouchard            Jonathon Merrill                                  60     0   1  4  
 2 Nathan Beaulieu          Chad Ruhwedel                                     40     0   1  4  

Penalty Kill 4 Players Forward 
   Center                   Wing                     Time % Phy DF OF 
 1 Anthony Cirelli          Tyler Motte              50     1   3  1  
 2 Derek Grant              Rasmus Kupari            50     1   3  1  

Penalty Kill 4 Players Defense
   Defense                  Defense                  Time % Phy DF OF 
 1 Nathan Beaulieu          Chad Ruhwedel            60     1   3  1  
 2 Jonathon Merrill         Nathan Clurman           40     1   3  1  

Penalty Kill - 3 Players Forward 
   Forward                                           Time % Phy DF OF 
 1 Patrice Bergeron                                  60     0   5  0  
 2 Anthony Cirelli                                   40     0   5  0  

Penalty Kill - 3 Players Defense
   Defense                  Defense                  Time % Phy DF OF 
 1 Jonathon Merrill         Evan Bouchard            60     0   5  0  
 2 Tucker Poolman           Nathan Clurman           40     0   5  0  

4 vs 4 Forward 
   Center                   Wing                     Time % Phy DF OF 
 1 Patrice Bergeron         Brady Tkachuk            50     1   2  2  
 2 Anthony Cirelli          Zach Parise              50     1   2  2  

4 vs 4 Defense
   Defense                  Defense                  Time % Phy DF OF 
 1 Evan Bouchard            Jonathon Merrill         60     1   2  2  
 2 Nathan Clurman           Tucker Poolman           40     1   2  2  

Last Minutes Offensive
   Center                   Left Wing                Right Wing               Defense                  Defense                  
   Patrice Bergeron         Brady Tkachuk            Zach Parise              Evan Bouchard            Anthony Cirelli          

Last Minutes Defensive
   Center                   Left Wing                Right Wing               Defense                  Defense                  
   Patrice Bergeron         Anthony Cirelli          Zach Parise              Evan Bouchard            Jonathon Merrill         

Goaltenders
Starting : Frederik Andersen        
Backup : Matthew Murray           

Extra Forwards
Normal : Nicklas Backstrom, Shane Pinto, Rasmus Kupari - PP : Quinton Byfield, Rasmus Kupari - PK : Quinton Byfield
Extra Defensemen
Normal : Jonathon Merrill, Evan Bouchard, Nathan Beaulieu - PP : Jonathon Merrill - PK : Chad Ruhwedel, Evan Bouchard
Penalty Shots
Patrice Bergeron, Brady Tkachuk, Anthony Cirelli, Shane Pinto, Corey Perry
Custom OT Lines Forwards
Patrice Bergeron, Brady Tkachuk, Anthony Cirelli, Derek Grant, Zach Parise, Tyler Motte, Nicklas Backstrom, Shane Pinto, Quinton Byfield, Rasmus Kupari
Custom OT Lines Defensemen
Jonathon Merrill, Evan Bouchard, Nathan Beaulieu, Chad Ruhwedel, Nathan Clurman

Scratches
Derrick Pouliot (Bruised Left Leg Injury)

ANCHORAGE ACES

5 vs 5 Forward 
   Center                   Left Wing                Right Wing               Time % Phy DF OF 
 1 Connor McDavid           Yegor Sharangovich       Nathan MacKinnon         36     1   2  2  
 2 Phillip Danault          Nikolaj Ehlers           Conor Sheary             33     1   2  2  
 3 Erik Haula               Chris Kreider            Sheldon Dries            28     1   2  2  
 4 Connor McDavid           Ryan Lomberg             Erik Haula               3      1   2  2  

5 vs 5 Defense 
   Defense                  Defense                                           Time % Phy DF OF 
 1 Seth Jones               Jakob Chychrun                                    36     1   2  2  
 2 Filip Hronek             Ryan Pulock                                       31     1   2  2  
 3 Jani Hakanpaa            Jack Johnson                                      23     1   2  2  
 4 Robert Bortuzzo          Seth Jones                                        10     1   2  2  

PowerPlay Forward 
   Center                   Left Wing                Right Wing               Time % Phy DF OF 
 1 Connor McDavid           Nikolaj Ehlers           Nathan MacKinnon         55     1   2  2  
 2 Phillip Danault          Chris Kreider            Erik Haula               45     1   2  2  

PowerPlay Defense
   Defense                  Defense                                           Time % Phy DF OF 
 1 Filip Hronek             Jakob Chychrun                                    55     1   2  2  
 2 Ryan Pulock              Seth Jones                                        45     1   2  2  

Penalty Kill 4 Players Forward 
   Center                   Wing                     Time % Phy DF OF 
 1 Erik Haula               Yegor Sharangovich       55     1   2  2  
 2 Phillip Danault          Conor Sheary             45     1   2  2  

Penalty Kill 4 Players Defense
   Defense                  Defense                  Time % Phy DF OF 
 1 Seth Jones               Jani Hakanpaa            55     1   2  2  
 2 Filip Hronek             Jakob Chychrun           45     1   2  2  

Penalty Kill - 3 Players Forward 
   Forward                                           Time % Phy DF OF 
 1 Phillip Danault                                   55     1   2  2  
 2 Yegor Sharangovich                                45     1   2  2  

Penalty Kill - 3 Players Defense
   Defense                  Defense                  Time % Phy DF OF 
 1 Seth Jones               Jakob Chychrun           55     1   2  2  
 2 Jack Johnson             Filip Hronek             45     1   2  2  

4 vs 4 Forward 
   Center                   Wing                     Time % Phy DF OF 
 1 Nathan MacKinnon         Connor McDavid           55     1   2  2  
 2 Phillip Danault          Chris Kreider            45     1   2  2  

4 vs 4 Defense
   Defense                  Defense                  Time % Phy DF OF 
 1 Jakob Chychrun           Seth Jones               55     1   2  2  
 2 Jani Hakanpaa            Filip Hronek             45     1   2  2  

Last Minutes Offensive
   Center                   Left Wing                Right Wing               Defense                  Defense                  
   Connor McDavid           Phillip Danault          Nathan MacKinnon         Seth Jones               Jakob Chychrun           

Last Minutes Defensive
   Center                   Left Wing                Right Wing               Defense                  Defense                  
   Connor McDavid           Phillip Danault          Nathan MacKinnon         Seth Jones               Jakob Chychrun           

Goaltenders
Starting : Darcy Kuemper            
Backup : Dustin Wolf              

Extra Forwards
Normal : Connor McDavid, Phillip Danault, Chris Kreider - PP : Erik Haula, Nikolaj Ehlers - PK : Nathan MacKinnon
Extra Defensemen
Normal : Ryan Pulock, Jani Hakanpaa, Jack Johnson - PP : Robert Bortuzzo - PK : Nicolas Deslauriers, Seth Jones
Penalty Shots
Connor McDavid, Phillip Danault, Chris Kreider, Erik Haula, Nikolaj Ehlers
Custom OT Lines Forwards
Nathan MacKinnon, Connor McDavid, Phillip Danault, Chris Kreider, Erik Haula, Nikolaj Ehlers, Conor Sheary, Yegor Sharangovich, Sheldon Dries, Ryan Lomberg
Custom OT Lines Defensemen
Filip Hronek, Jakob Chychrun, Seth Jones, Ryan Pulock, Jani Hakanpaa

Scratches
None


% Time on Ice - SPOKANE KNIGHTS

Lines # - Real PCT - Wanted PCT - Time Play
Normal Forward
1 - 34% - 35% - 17:11
2 - 33% - 35% - 16:42
3 - 19% - 20% - 9:40
4 - 14% - 10% - 7:06
Normal Defense
1 - 23% - 30% - 11:24
2 - 32% - 30% - 16:05
3 - 32% - 20% - 16:04
4 - 14% - 20% - 7:06
PP Forward
1 - 53% - 60% - 2:07
2 - 47% - 40% - 1:51
PP Defense
1 - 64% - 60% - 2:32
2 - 36% - 40% - 1:26
PK Forward
1 - 45% - 50% - 2:25
2 - 55% - 50% - 2:58
PK Defense
1 - 62% - 60% - 3:20
2 - 38% - 40% - 2:03
PK3 Forward
1 - 0% - 60%
2 - 0% - 40%
PK3 Defense
1 - 0% - 60%
2 - 0% - 40%
44 Forward
1 - 0% - 50%
2 - 0% - 50%
44 Defense
1 - 0% - 60%
2 - 0% - 40%
Last Minute Offensive  - 0:00
Last Minute Defensive  - 0:00
Total
Forward - 60:00
Defense - 60:00

% Time on Ice - ANCHORAGE ACES

Lines # - Real PCT - Wanted PCT - Time Play
Normal Forward
1 - 33% - 36% - 16:40
2 - 34% - 33% - 17:05
3 - 28% - 28% - 14:12
4 - 5% - 3% - 2:42
Normal Defense
1 - 30% - 36% - 15:15
2 - 34% - 31% - 17:01
3 - 26% - 23% - 13:17
4 - 10% - 10% - 5:06
PP Forward
1 - 52% - 55% - 2:47
2 - 48% - 45% - 2:36
PP Defense
1 - 59% - 55% - 3:09
2 - 41% - 45% - 2:14
PK Forward
1 - 51% - 55% - 2:01
2 - 49% - 45% - 1:57
PK Defense
1 - 49% - 55% - 1:57
2 - 51% - 45% - 2:01
PK3 Forward
1 - 0% - 55%
2 - 0% - 45%
PK3 Defense
1 - 0% - 55%
2 - 0% - 45%
44 Forward
1 - 0% - 55%
2 - 0% - 45%
44 Defense
1 - 0% - 55%
2 - 0% - 45%
Last Minute Offensive  - 0:00
Last Minute Defensive  - 0:00
Total
Forward - 60:00
Defense - 60:00

Play-by-Play

1st period


0:01 of 1st period - Connor McDavid wins face-off versus Patrice Bergeron in neutral zone.
0:16 of 1st period - Shot by Connor McDavid.
0:16 of 1st period - Deflect By Nathan MacKinnon.
0:16 of 1st period - Stopped by Frederik Andersen without a rebound.
0:17 of 1st period - Phillip Danault wins face-off versus Anthony Cirelli in SPOKANE KNIGHTS zone.
1:16 of 1st period - Minor Penalty to Nathan Clurman for Tripping.
1:17 of 1st period - Phillip Danault wins face-off versus Derek Grant in SPOKANE KNIGHTS zone.
1:18 of 1st period - Shot by Jakob Chychrun.
1:18 of 1st period - Stopped by Frederik Andersen with a rebound.
1:20 of 1st period - Shot by Erik Haula.
1:20 of 1st period - Stopped by Frederik Andersen without a rebound.
1:21 of 1st period - Connor McDavid wins face-off versus Tyler Motte in SPOKANE KNIGHTS zone.
1:34 of 1st period - Shot by Nathan MacKinnon.
1:34 of 1st period - Shot Hit the Post.
1:36 of 1st period - Shot by Seth Jones.
1:36 of 1st period - Shot Misses the Net.
1:46 of 1st period - Shot by Connor McDavid.
1:46 of 1st period - Deflect By Nathan MacKinnon.
1:46 of 1st period - Shot Blocked by Tyler Motte.
1:48 of 1st period - Shot by Nikolaj Ehlers.
1:48 of 1st period - Shot Blocked by Tyler Motte.
1:50 of 1st period - Shot by Connor McDavid.
1:50 of 1st period - Deflect By Nathan MacKinnon.
1:50 of 1st period - Shot Misses the Net.
2:24 of 1st period - Shot by Erik Haula.
2:24 of 1st period - Shot Misses the Net.
2:26 of 1st period - Shot by Erik Haula.
2:26 of 1st period - Stopped by Frederik Andersen without a rebound.
2:27 of 1st period - Phillip Danault wins face-off versus Derek Grant in SPOKANE KNIGHTS zone.
2:31 of 1st period - Erik Haula is hit by Chad Ruhwedel and loses puck.
3:08 of 1st period - Shot by Seth Jones.
3:08 of 1st period - Stopped by Frederik Andersen without a rebound.
3:09 of 1st period - Connor McDavid wins face-off versus Anthony Cirelli in SPOKANE KNIGHTS zone.
3:25 of 1st period - Shot by Patrice Bergeron.
3:25 of 1st period - Shot Blocked by Jack Johnson.
3:50 of 1st period - Icing by Patrice Bergeron.
3:51 of 1st period - Erik Haula wins face-off versus Patrice Bergeron in SPOKANE KNIGHTS zone.
4:00 of 1st period - Sheldon Dries is hit by Brady Tkachuk.
4:06 of 1st period - Shot by Patrice Bergeron.
4:06 of 1st period - Shot Misses the Net.
5:37 of 1st period - Off-side.
5:38 of 1st period - Phillip Danault wins face-off versus Shane Pinto in neutral zone.
5:44 of 1st period - Phillip Danault is hit by Chad Ruhwedel and loses puck.
6:14 of 1st period - Shot by Corey Perry.
6:14 of 1st period - Shot Misses the Net.
6:16 of 1st period - Shot by Nathan Beaulieu.
6:16 of 1st period - Deflect By Nicklas Backstrom.
6:16 of 1st period - Shot Misses the Net.
6:26 of 1st period - Quinton Byfield is hit by Phillip Danault.
6:27 of 1st period - Icing by Quinton Byfield.
6:28 of 1st period - Yegor Sharangovich wins face-off versus Quinton Byfield in SPOKANE KNIGHTS zone.
6:33 of 1st period - Shot by Nathan MacKinnon.
6:33 of 1st period - Shot Misses the Net.
6:57 of 1st period - Shot by Yegor Sharangovich.
6:57 of 1st period - Shot Misses the Net.
7:01 of 1st period - Shot by Yegor Sharangovich.
7:01 of 1st period - Shot Misses the Net.
7:03 of 1st period - Shot by Connor McDavid.
7:03 of 1st period - Shot Blocked by Rasmus Kupari.
8:00 of 1st period - Shot by Chris Kreider.
8:00 of 1st period - Shot Misses the Net.
8:02 of 1st period - Shot by Chris Kreider.
8:02 of 1st period - Shot Misses the Net.
8:04 of 1st period - Shot by Sheldon Dries.
8:04 of 1st period - Shot Blocked by Rasmus Kupari.
8:26 of 1st period - Shot by Conor Sheary.
8:26 of 1st period - Shot Misses the Net.
8:28 of 1st period - Shot by Phillip Danault.
8:28 of 1st period - Shot Blocked by Evan Bouchard.
8:34 of 1st period - Shot by Nikolaj Ehlers.
8:34 of 1st period - Shot Misses the Net.
8:36 of 1st period - Shot by Phillip Danault.
8:36 of 1st period - Stopped by Frederik Andersen without a rebound.
8:37 of 1st period - Connor McDavid wins face-off versus Anthony Cirelli in SPOKANE KNIGHTS zone.
8:37 of 1st period - Connor McDavid is hit by Chad Ruhwedel.
8:47 of 1st period - Shot by Nathan MacKinnon.
8:47 of 1st period - Deflect By Connor McDavid.
8:47 of 1st period - Stopped by Frederik Andersen with a rebound.
9:16 of 1st period - Nathan Beaulieu is hit by Connor McDavid and loses puck.
9:45 of 1st period - Shot by Nikolaj Ehlers.
9:45 of 1st period - Stopped by Frederik Andersen without a rebound.
9:46 of 1st period - Patrice Bergeron wins face-off versus Erik Haula in SPOKANE KNIGHTS zone.
9:46 of 1st period - Brady Tkachuk is hit by Chris Kreider.
10:12 of 1st period - Shot by Chris Kreider.
10:12 of 1st period - Stopped by Frederik Andersen with a rebound.
10:26 of 1st period - Shot by Chris Kreider.
10:26 of 1st period - Shot Misses the Net.
11:44 of 1st period - Connor McDavid is hit by Lias Andersson.
11:45 of 1st period - Icing by Connor McDavid.
11:46 of 1st period - Patrice Bergeron wins face-off versus Connor McDavid in ANCHORAGE ACES zone.
12:06 of 1st period - Icing by Seth Jones.
12:07 of 1st period - Connor McDavid wins face-off versus Quinton Byfield in ANCHORAGE ACES zone.
12:32 of 1st period - Rasmus Kupari is hit by Connor McDavid and loses puck.
13:03 of 1st period - Shot by Patrice Bergeron.
13:03 of 1st period - Shot Misses the Net.
13:05 of 1st period - Shot by Evan Bouchard.
13:05 of 1st period - Stopped by Darcy Kuemper without a rebound.
13:06 of 1st period - Nicklas Backstrom wins face-off versus Erik Haula in ANCHORAGE ACES zone.
13:21 of 1st period - Shot by Erik Haula.
13:21 of 1st period - Stopped by Frederik Andersen without a rebound.
13:22 of 1st period - Anthony Cirelli wins face-off versus Phillip Danault in SPOKANE KNIGHTS zone.
13:35 of 1st period - Shot by Derek Grant.
13:35 of 1st period - Stopped by Darcy Kuemper without a rebound.
13:36 of 1st period - Patrice Bergeron wins face-off versus Erik Haula in ANCHORAGE ACES zone.
13:49 of 1st period - Shot by Erik Haula.
13:49 of 1st period - Shot Misses the Net.
13:57 of 1st period - Shot by Patrice Bergeron.
13:57 of 1st period - Deflect By Brady Tkachuk.
13:57 of 1st period - Shot Blocked by Jakob Chychrun.
13:59 of 1st period - Shot by Patrice Bergeron.
13:59 of 1st period - Stopped by Darcy Kuemper without a rebound.
14:00 of 1st period - Phillip Danault wins face-off versus Anthony Cirelli in ANCHORAGE ACES zone.
15:26 of 1st period - Shot by Patrice Bergeron.
15:26 of 1st period - Shot Misses the Net.
15:43 of 1st period - Icing by Filip Hronek.
15:44 of 1st period - Nicklas Backstrom wins face-off versus Phillip Danault in ANCHORAGE ACES zone.
15:47 of 1st period - Shot by Shane Pinto.
15:47 of 1st period - Shot Blocked by Phillip Danault.
17:12 of 1st period - Shot by Chris Kreider.
17:12 of 1st period - Stopped by Frederik Andersen without a rebound.
17:13 of 1st period - Tyler Motte wins face-off versus Sheldon Dries in SPOKANE KNIGHTS zone.
17:29 of 1st period - Shot by Erik Haula.
17:29 of 1st period - Deflect By Chris Kreider.
17:29 of 1st period - Stopped by Frederik Andersen with a rebound.
17:31 of 1st period - Shot by Erik Haula.
17:31 of 1st period - Shot Blocked by Derek Grant.
17:33 of 1st period - Shot by Erik Haula.
17:33 of 1st period - Shot Misses the Net.
17:37 of 1st period - Shot by Chris Kreider.
17:37 of 1st period - Shot Misses the Net.
17:39 of 1st period - Shot by Jack Johnson.
17:39 of 1st period - Shot Misses the Net.
17:41 of 1st period - Shot by Erik Haula.
17:41 of 1st period - Shot Misses the Net.
17:43 of 1st period - Shot by Erik Haula.
17:43 of 1st period - Shot Misses the Net.
17:45 of 1st period - Shot by Jack Johnson.
17:45 of 1st period - Stopped by Frederik Andersen without a rebound.
17:46 of 1st period - Patrice Bergeron wins face-off versus Connor McDavid in SPOKANE KNIGHTS zone.
18:20 of 1st period - Icing by Nathan Beaulieu.
18:21 of 1st period - Patrice Bergeron wins face-off versus Erik Haula in SPOKANE KNIGHTS zone.
18:30 of 1st period - Shot by Patrice Bergeron.
18:30 of 1st period - Stopped by Darcy Kuemper without a rebound.
18:31 of 1st period - Anthony Cirelli wins face-off versus Connor McDavid in ANCHORAGE ACES zone.
18:31 of 1st period - Anthony Cirelli is hit by Filip Hronek.
19:02 of 1st period - Shot by Erik Haula.
19:02 of 1st period - Shot Misses the Net.
19:04 of 1st period - Shot by Connor McDavid.
19:04 of 1st period - Shot Misses the Net.
Goals for this period are 0 for SPOKANE KNIGHTS vs 0 for ANCHORAGE ACES.
Shots for this period are 4 for SPOKANE KNIGHTS vs 13 for ANCHORAGE ACES.

2nd period


0:01 of 2nd period - Patrice Bergeron wins face-off versus Yegor Sharangovich in neutral zone.
0:04 of 2nd period - Shot by Patrice Bergeron.
0:04 of 2nd period - Shot Misses the Net.
0:24 of 2nd period - Shot by Zach Parise.
0:24 of 2nd period - Shot Blocked by Seth Jones.
0:54 of 2nd period - Icing by Jakob Chychrun.
0:55 of 2nd period - Anthony Cirelli wins face-off versus Connor McDavid in ANCHORAGE ACES zone.
0:56 of 2nd period - Shot by Derek Grant.
0:56 of 2nd period - Shot Blocked by Jakob Chychrun.
1:29 of 2nd period - Shot by Chris Kreider.
1:29 of 2nd period - Shot Misses the Net.
1:41 of 2nd period - Shot by Erik Haula.
1:41 of 2nd period - Deflect By Chris Kreider.
1:41 of 2nd period - Shot Misses the Net.
1:43 of 2nd period - Shot by Erik Haula.
1:43 of 2nd period - Stopped by Frederik Andersen without a rebound.
1:44 of 2nd period - Phillip Danault wins face-off versus Nicklas Backstrom in SPOKANE KNIGHTS zone.
1:53 of 2nd period - Minor Penalty to Phillip Danault for Interference.
1:54 of 2nd period - Patrice Bergeron wins face-off versus Erik Haula in ANCHORAGE ACES zone.
3:37 of 2nd period - Icing by Patrice Bergeron.
3:38 of 2nd period - Nathan MacKinnon wins face-off versus Patrice Bergeron in SPOKANE KNIGHTS zone.
4:23 of 2nd period - Conor Sheary is hit by Nathan Clurman.
4:56 of 2nd period - Rasmus Kupari is hit by Jani Hakanpaa and loses puck.
5:05 of 2nd period - Shot by Rasmus Kupari.
5:05 of 2nd period - Shot Misses the Net.
5:07 of 2nd period - Shot by Quinton Byfield.
5:07 of 2nd period - Shot Misses the Net.
5:09 of 2nd period - Shot by Quinton Byfield.
5:09 of 2nd period - Stopped by Darcy Kuemper with a rebound.
5:10 of 2nd period - Minor Penalty to Jack Johnson for Roughing.
5:11 of 2nd period - Nathan MacKinnon wins face-off versus Zach Parise in ANCHORAGE ACES zone.
5:55 of 2nd period - Icing by Jonathon Merrill.
5:56 of 2nd period - Nicklas Backstrom wins face-off versus Erik Haula in SPOKANE KNIGHTS zone.
6:22 of 2nd period - Off-side.
6:23 of 2nd period - Patrice Bergeron wins face-off versus Phillip Danault in neutral zone.
6:28 of 2nd period - Jani Hakanpaa is hit by Brady Tkachuk.
7:32 of 2nd period - Shot by Chris Kreider.
7:32 of 2nd period - Stopped by Frederik Andersen without a rebound.
7:33 of 2nd period - Connor McDavid wins face-off versus Quinton Byfield in SPOKANE KNIGHTS zone.
7:42 of 2nd period - Shot by Connor McDavid.
7:42 of 2nd period - Stopped by Frederik Andersen without a rebound.
7:43 of 2nd period - Connor McDavid wins face-off versus Anthony Cirelli in SPOKANE KNIGHTS zone.
7:48 of 2nd period - Shot by Connor McDavid.
7:48 of 2nd period - Stopped by Frederik Andersen without a rebound.
7:49 of 2nd period - Patrice Bergeron wins face-off versus Connor McDavid in SPOKANE KNIGHTS zone.
8:44 of 2nd period - Brady Tkachuk is hit by Chris Kreider and loses puck.
8:57 of 2nd period - Shot by Erik Haula.
8:57 of 2nd period - Shot Blocked by Jonathon Merrill.
9:02 of 2nd period - Chris Kreider is hit by Evan Bouchard.
9:07 of 2nd period - Erik Haula is hit by Jonathon Merrill and loses puck.
9:53 of 2nd period - Shot by Conor Sheary.
9:53 of 2nd period - Deflect By Nikolaj Ehlers.
9:53 of 2nd period - Shot Misses the Net.
10:12 of 2nd period - Minor Penalty to Evan Bouchard for Unsportsmanlike conduct.
10:13 of 2nd period - Connor McDavid wins face-off versus Anthony Cirelli in SPOKANE KNIGHTS zone.
10:38 of 2nd period - Shot by Jakob Chychrun.
10:38 of 2nd period - Shot Blocked by Chad Ruhwedel.
11:51 of 2nd period - Shot by Phillip Danault.
11:51 of 2nd period - Shot Blocked by Anthony Cirelli.
11:53 of 2nd period - Shot by Phillip Danault.
11:53 of 2nd period - Shot Misses the Net.
11:55 of 2nd period - Shot by Ryan Pulock.
11:55 of 2nd period - Shot Blocked by Tucker Poolman.
11:57 of 2nd period - Shot by Ryan Pulock.
11:57 of 2nd period - Shot Misses the Net.
11:59 of 2nd period - Shot by Ryan Pulock.
11:59 of 2nd period - Shot Blocked by Tyler Motte.
12:01 of 2nd period - Shot by Erik Haula.
12:01 of 2nd period - Shot Blocked by Anthony Cirelli.
13:01 of 2nd period - Connor McDavid is hit by Corey Perry and loses puck.
14:20 of 2nd period - Shot by Chris Kreider.
14:20 of 2nd period - Stopped by Frederik Andersen without a rebound.
14:21 of 2nd period - Connor McDavid wins face-off versus Shane Pinto in SPOKANE KNIGHTS zone.
15:03 of 2nd period - Shane Pinto is hit by Ryan Lomberg and loses puck.
16:12 of 2nd period - Shot by Derek Grant.
16:12 of 2nd period - Shot Misses the Net.
16:26 of 2nd period - Shot by Connor McDavid.
16:26 of 2nd period - Stopped by Frederik Andersen without a rebound.
16:27 of 2nd period - Nicklas Backstrom wins face-off versus Chris Kreider in SPOKANE KNIGHTS zone.
16:29 of 2nd period - Icing by Patrice Bergeron.
16:30 of 2nd period - Nicklas Backstrom wins face-off versus Erik Haula in SPOKANE KNIGHTS zone.
16:30 of 2nd period - Nicklas Backstrom is hit by Chris Kreider.
16:54 of 2nd period - Shot by Chris Kreider.
16:54 of 2nd period - Shot Blocked by Patrice Bergeron.
16:58 of 2nd period - Shot by Sheldon Dries.
16:58 of 2nd period - Shot Misses the Net.
17:00 of 2nd period - Shot by Erik Haula.
17:00 of 2nd period - Stopped by Frederik Andersen without a rebound.
17:01 of 2nd period - Phillip Danault wins face-off versus Quinton Byfield in SPOKANE KNIGHTS zone.
17:01 of 2nd period - Jakob Chychrun is hit by Chad Ruhwedel and loses puck.
17:54 of 2nd period - Chad Ruhwedel is hit by Nathan MacKinnon and loses puck.
18:05 of 2nd period - Shot by Nathan MacKinnon.
18:05 of 2nd period - Stopped by Frederik Andersen without a rebound.
18:06 of 2nd period - Anthony Cirelli wins face-off versus Erik Haula in SPOKANE KNIGHTS zone.
18:15 of 2nd period - Shot by Chris Kreider.
18:15 of 2nd period - Stopped by Frederik Andersen with a rebound.
18:17 of 2nd period - Shot by Jack Johnson.
18:17 of 2nd period - Stopped by Frederik Andersen with a rebound.
18:19 of 2nd period - Shot by Erik Haula.
18:19 of 2nd period - Stopped by Frederik Andersen without a rebound.
18:20 of 2nd period - Connor McDavid wins face-off versus Zach Parise in SPOKANE KNIGHTS zone.
19:32 of 2nd period - Shot by Jakob Chychrun.
19:32 of 2nd period - Stopped by Frederik Andersen without a rebound.
19:33 of 2nd period - Nicklas Backstrom wins face-off versus Erik Haula in SPOKANE KNIGHTS zone.
19:33 of 2nd period - Nicklas Backstrom is hit by Sheldon Dries.
19:47 of 2nd period - Shot by Shane Pinto.
19:47 of 2nd period - Shot Blocked by Jani Hakanpaa.
19:55 of 2nd period - Shot by Erik Haula.
19:55 of 2nd period - Stopped by Frederik Andersen with a rebound.
19:57 of 2nd period - Shot by Erik Haula.
19:57 of 2nd period - Shot Blocked by Tucker Poolman.
Goals for this period are 0 for SPOKANE KNIGHTS vs 0 for ANCHORAGE ACES.
Shots for this period are 1 for SPOKANE KNIGHTS vs 13 for ANCHORAGE ACES.

3rd period


0:01 of 3rd period - Connor McDavid wins face-off versus Anthony Cirelli in neutral zone.
0:04 of 3rd period - Shot by Nathan MacKinnon.
0:04 of 3rd period - Stopped by Frederik Andersen without a rebound.
0:05 of 3rd period - Connor McDavid wins face-off versus Anthony Cirelli in SPOKANE KNIGHTS zone.
0:15 of 3rd period - Connor McDavid is hit by Evan Bouchard.
0:23 of 3rd period - Shot by Nathan MacKinnon.
0:23 of 3rd period - Stopped by Frederik Andersen without a rebound.
0:24 of 3rd period - Patrice Bergeron wins face-off versus Phillip Danault in SPOKANE KNIGHTS zone.
1:03 of 3rd period - Icing by Filip Hronek.
1:04 of 3rd period - Phillip Danault wins face-off versus Anthony Cirelli in ANCHORAGE ACES zone.
1:32 of 3rd period - Shot by Nathan MacKinnon.
1:32 of 3rd period - Stopped by Frederik Andersen without a rebound.
1:33 of 3rd period - Nicklas Backstrom wins face-off versus Connor McDavid in SPOKANE KNIGHTS zone.
1:48 of 3rd period - Shot by Nicklas Backstrom.
1:48 of 3rd period - Shot Misses the Net.
2:20 of 3rd period - Shot by Nathan MacKinnon.
2:20 of 3rd period - Stopped by Frederik Andersen without a rebound.
2:21 of 3rd period - Anthony Cirelli wins face-off versus Erik Haula in SPOKANE KNIGHTS zone.
4:17 of 3rd period - Rasmus Kupari is hit by Nikolaj Ehlers.
4:22 of 3rd period - Icing by Tucker Poolman.
4:23 of 3rd period - Connor McDavid wins face-off versus Quinton Byfield in SPOKANE KNIGHTS zone.
4:42 of 3rd period - Shot by Nathan MacKinnon.
4:42 of 3rd period - Shot Misses the Net.
4:44 of 3rd period - Shot by Yegor Sharangovich.
4:44 of 3rd period - Stopped by Frederik Andersen without a rebound.
4:45 of 3rd period - Phillip Danault wins face-off versus Anthony Cirelli in SPOKANE KNIGHTS zone.
4:56 of 3rd period - Shot by Phillip Danault.
4:56 of 3rd period - Shot Misses the Net.
5:30 of 3rd period - Icing by Jonathon Merrill.
5:31 of 3rd period - Anthony Cirelli wins face-off versus Connor McDavid in SPOKANE KNIGHTS zone.
5:40 of 3rd period - Shot by Nathan MacKinnon.
5:40 of 3rd period - Shot Misses the Net.
6:51 of 3rd period - Chris Kreider is hit by Nathan Clurman and loses puck.
7:01 of 3rd period - Sheldon Dries is hit by Nathan Clurman and loses puck.
7:27 of 3rd period - Shot by Phillip Danault.
7:27 of 3rd period - Stopped by Frederik Andersen without a rebound.
7:28 of 3rd period - Quinton Byfield wins face-off versus Connor McDavid in SPOKANE KNIGHTS zone.
7:45 of 3rd period - Shot by Quinton Byfield.
7:45 of 3rd period - Shot Misses the Net.
7:59 of 3rd period - Shot by Nathan MacKinnon.
7:59 of 3rd period - Stopped by Frederik Andersen without a rebound.
8:00 of 3rd period - Phillip Danault wins face-off versus Patrice Bergeron in SPOKANE KNIGHTS zone.
8:16 of 3rd period - Zach Parise is hit by Nikolaj Ehlers and loses puck.
8:33 of 3rd period - Shot by Phillip Danault.
8:33 of 3rd period - Shot Hit the Post.
8:35 of 3rd period - Shot by Phillip Danault.
8:35 of 3rd period - Shot Misses the Net.
8:37 of 3rd period - Shot by Phillip Danault.
8:37 of 3rd period - Shot Misses the Net.
8:39 of 3rd period - Shot by Phillip Danault.
8:39 of 3rd period - Shot Misses the Net.
9:20 of 3rd period - Off-side.
9:21 of 3rd period - Anthony Cirelli wins face-off versus Connor McDavid in neutral zone.
9:24 of 3rd period - Shot by Tyler Motte.
9:24 of 3rd period - Shot Blocked by Jack Johnson.
10:00 of 3rd period - Shot by Connor McDavid.
10:00 of 3rd period - Stopped by Frederik Andersen with a rebound.
10:13 of 3rd period - Icing by Nathan Clurman.
10:14 of 3rd period - Erik Haula wins face-off versus Anthony Cirelli in SPOKANE KNIGHTS zone.
10:20 of 3rd period - Chris Kreider is hit by Nathan Clurman and loses puck.
10:22 of 3rd period - Minor Penalty to Nathan Clurman for Roughing.
10:23 of 3rd period - Quinton Byfield wins face-off versus Phillip Danault in SPOKANE KNIGHTS zone.
10:23 of 3rd period - Quinton Byfield is hit by Chris Kreider.
10:35 of 3rd period - Jonathon Merrill is hit by Erik Haula and loses puck.
10:44 of 3rd period - Shot by Phillip Danault.
10:44 of 3rd period - Shot Misses the Net.
11:11 of 3rd period - Shot by Phillip Danault.
11:11 of 3rd period - Stopped by Frederik Andersen without a rebound.
11:12 of 3rd period - Connor McDavid wins face-off versus Quinton Byfield in SPOKANE KNIGHTS zone.
11:47 of 3rd period - Shot by Connor McDavid.
11:47 of 3rd period - Deflect By Nathan MacKinnon.
11:47 of 3rd period - Goal by Nathan MacKinnon - SPOKANE KNIGHTS : 0 - ANCHORAGE ACES : 1.
11:48 of 3rd period - Patrice Bergeron wins face-off versus Sheldon Dries in neutral zone.
11:58 of 3rd period - Zach Parise is hit by Erik Haula.
12:54 of 3rd period - Shot by Nicklas Backstrom.
12:54 of 3rd period - Stopped by Darcy Kuemper without a rebound.
12:55 of 3rd period - Anthony Cirelli wins face-off versus Phillip Danault in ANCHORAGE ACES zone.
13:02 of 3rd period - Shot by Anthony Cirelli.
13:02 of 3rd period - Shot Misses the Net.
13:22 of 3rd period - Shot by Phillip Danault.
13:22 of 3rd period - Stopped by Frederik Andersen without a rebound.
13:23 of 3rd period - Nicklas Backstrom wins face-off versus Connor McDavid in SPOKANE KNIGHTS zone.
13:50 of 3rd period - Shot by Jakob Chychrun.
13:50 of 3rd period - Shot Misses the Net.
14:51 of 3rd period - Off-side.
14:52 of 3rd period - Phillip Danault wins face-off versus Patrice Bergeron in neutral zone.
15:09 of 3rd period - Shot by Nikolaj Ehlers.
15:09 of 3rd period - Deflect By Phillip Danault.
15:09 of 3rd period - Shot Misses the Net.
15:14 of 3rd period - Phillip Danault is hit by Tucker Poolman and loses puck.
15:59 of 3rd period - Shot by Erik Haula.
15:59 of 3rd period - Shot Misses the Net.
16:03 of 3rd period - Shot by Erik Haula.
16:03 of 3rd period - Stopped by Frederik Andersen with a rebound.
16:05 of 3rd period - Shot by Erik Haula.
16:05 of 3rd period - Deflect By Chris Kreider.
16:05 of 3rd period - Shot Misses the Net.
16:07 of 3rd period - Shot by Erik Haula.
16:07 of 3rd period - Shot Misses the Net.
16:09 of 3rd period - Shot by Chris Kreider.
16:09 of 3rd period - Stopped by Frederik Andersen without a rebound.
16:10 of 3rd period - Connor McDavid wins face-off versus Anthony Cirelli in SPOKANE KNIGHTS zone.
16:40 of 3rd period - Icing by Robert Bortuzzo.
16:41 of 3rd period - Nicklas Backstrom wins face-off versus Connor McDavid in ANCHORAGE ACES zone.
16:58 of 3rd period - Ryan Lomberg is hit by Corey Perry and loses puck.
17:41 of 3rd period - Shot by Phillip Danault.
17:41 of 3rd period - Shot Misses the Net.
17:56 of 3rd period - Icing by Shane Pinto.
17:57 of 3rd period - Nicklas Backstrom wins face-off versus Connor McDavid in SPOKANE KNIGHTS zone.
17:57 of 3rd period - Nicklas Backstrom is hit by Connor McDavid.
18:15 of 3rd period - Shot by Nathan MacKinnon.
18:15 of 3rd period - Goal by Nathan MacKinnon - SPOKANE KNIGHTS : 0 - ANCHORAGE ACES : 2.
18:16 of 3rd period - Patrice Bergeron wins face-off versus Erik Haula in neutral zone.
18:18 of 3rd period - Zach Parise is hit by Seth Jones and loses puck.
18:22 of 3rd period - Icing by Sheldon Dries.
18:23 of 3rd period - Chris Kreider wins face-off versus Anthony Cirelli in ANCHORAGE ACES zone.
18:32 of 3rd period - Derek Grant is hit by Sheldon Dries and loses puck.
18:55 of 3rd period - Evan Bouchard is hit by Chris Kreider and loses puck.
19:01 of 3rd period - Icing by Jonathon Merrill.
19:02 of 3rd period - Anthony Cirelli wins face-off versus Connor McDavid in SPOKANE KNIGHTS zone.
19:02 of 3rd period - Anthony Cirelli is hit by Yegor Sharangovich.
19:18 of 3rd period - Icing by Filip Hronek.
19:19 of 3rd period - Patrice Bergeron wins face-off versus Connor McDavid in ANCHORAGE ACES zone.
19:22 of 3rd period - Shot by Zach Parise.
19:22 of 3rd period - Stopped by Darcy Kuemper without a rebound.
19:23 of 3rd period - Phillip Danault wins face-off versus Patrice Bergeron in ANCHORAGE ACES zone.
19:40 of 3rd period - Icing by Brady Tkachuk.
19:41 of 3rd period - Connor McDavid wins face-off versus Patrice Bergeron in SPOKANE KNIGHTS zone.
19:56 of 3rd period - Shot by Yegor Sharangovich.
19:56 of 3rd period - Shot Misses the Net.
Goals for this period are 0 for SPOKANE KNIGHTS vs 2 for ANCHORAGE ACES.
Shots for this period are 2 for SPOKANE KNIGHTS vs 14 for ANCHORAGE ACES.


BLAKE
WHEELER
STEVEN
STAMKOS
DREW
DOUGHTY

EAST COAST

HOCKEY LEAGUE

  • 63.RHI2PIT5
  • 64.WOR4ATL3
  • 65.QUECHW
  • 66.CHATRV